 Dungeon Crawl Stone Soup version 0.23.2-1-ga50397a (webtiles) character file.

Game seed: 15853858979778109922

79 Brandominion011 the Skirmisher (level 4, -1/49 HPs)
             Began as an Ogre Fighter on May 22, 2019.
             Was a Follower of Cheibriados.
             Slain by Crazy Yiuf
             ... wielding a +3 quarterstaff of chaos
              (8 damage)
             ... on level 2 of the Dungeon.
             The game lasted 00:08:40 (1350 turns).

Brandominion011 the Skirmisher (Ogre Fighter)       Turns: 1350, Time: 00:08:49

Health: -1/49      AC:  9    Str: 23    XL:     4   Next: 37%
Magic:  4/4        EV:  8    Int: 11    God:    Cheibriados [*.....]
Gold:   91         SH:  9    Dex: 10    Spells: 3/3 levels left

rFire    . . .     SeeInvis .   a - +0 war axe
rCold    . . .     Gourm    .   c - +0 shield
rNeg     . . .     Faith    .   b - +0 robe
rPois    .         Spirit   .   (helmet restricted)
rElec    .         Reflect  .   (no cloak)
rCorr    .         Harm     .   (gloves unavailable)
MR       .....                  (boots unavailable)
Stlth    +.........             (no amulet)
HPRegen  0.16/turn              s - +1 ring of protection
MPRegen  0.09/turn              m - +5 ring of protection

@: lightly drained, very slow
A: large, unfitting armour, tough skin 1
a: Bend Time, Renounce Religion


You were on level 2 of the Dungeon.
You worshipped Cheibriados.
Cheibriados was aware of your devotion.
You were not hungry.

You visited 1 branch of the dungeon, and saw 2 of its levels.

You collected 91 gold pieces.

Inventory:

Hand Weapons
 a - a +0 war axe (weapon)
Armour
 b - a +0 robe (worn)
 c - a +0 shield (worn)
Jewellery
 m - a +5 ring of protection (right hand)
 n - an uncursed ring of positive energy
 s - a +1 ring of protection (left hand)
Scrolls
 l - 3 scrolls of fog
Potions
 d - a potion of might
 e - a potion of curing
 h - a potion of brilliance {unknown}
 i - a potion of berserk rage {unknown}
 j - a potion of haste {unknown}
 k - 2 potions of cancellation
 o - 2 potions of lignification {unknown}
 p - 2 potions of ambrosia {unknown}
 r - a potion of degeneration {unknown}
 t - a potion of agility {unknown}
Comestibles
 f - 2 rations
 g - 3 chunks of flesh


   Skills:
 + Level 4.6(4.2) Fighting
 + Level 2.6(2.2) Axes
 + Level 3.1(2.7) Dodging
 * Level 3.5(3.2) Shields
 + Level 0.0 Invocations


You had 3 spell levels left.
You didn't know any spells.
Your spell library was empty.

Dungeon Overview and Level Annotations

Branches:
Dungeon (2/15)

Altars:
Cheibriados

Annotations:
D:2 Crazy Yiuf


Innate Abilities, Weirdness & Mutations

You are too large for most types of armour.
You have tough skin. (AC +1)


Message History

Crazy Yiuf is severely wounded.
Crazy Yiuf closely misses you.
You barely miss Crazy Yiuf.
Crazy Yiuf is severely wounded.
Crazy Yiuf says, "Powder shoe snockshim!"
Crazy Yiuf hits you with a +3 quarterstaff of chaos!
You feel drained.
You hit Crazy Yiuf.
Crazy Yiuf is severely wounded.
Crazy Yiuf drinks a potion.
Crazy Yiuf is healed!
Crazy Yiuf barely misses you.
You slash Crazy Yiuf!
Crazy Yiuf is almost dead.
You block Crazy Yiuf's attack.
You closely miss Crazy Yiuf.
Crazy Yiuf is almost dead.
Crazy Yiuf hits you with a +3 quarterstaff of chaos!
Space warps horribly around you!!
* * * LOW HITPOINT WARNING * * *
Crazy Yiuf hits you with a +3 quarterstaff of chaos!
You die...

#.# #######.#
#.# #.# #.#
#.# #†# #####
#.# ######.#
#)..#
######.#
......÷#####
#...#
#......#
#######....#
... ######.#
#..........#
#g# #.#
#.#####...##
♣@♣♣ #.# #.#
#...# ♣♣.♣
###.# #÷#
#..)# ♣.♣♣
#...# #.#
#...# ♣♣.♣
#.### ..#
#...# ♣♣.♣♣
#.# .÷##
#...## ♣♣...♣
#.# ...#
#....# ♣....♣
####.# ..##
#.#### #....#
#(...# .##
#.#
#....###.####


You could see Crazy Yiuf.

Vanquished Creatures
  Jessica (D:2)
  3 worms (D:2)
  2 dart slugs (D:1)
  4 giant cockroaches
  4 goblins
  4 hobgoblins
  5 jackals
  3 kobolds
  2 ball pythons
  3 bats (D:2)
  3 frilled lizards
  A jackal zombie (D:2)
  4 rats (D:2)
39 creatures vanquished.

Notes
Turn   | Place    | Note
-------+----------+-------------------------------------------
     0 | D:1      | Brandominion011 the Ogre Fighter began the quest for the
                  | Orb.
     0 | D:1      | Reached XP level 1. HP: 24/24 MP: 1/1
   183 | D:1      | Reached XP level 2. HP: 32/32 MP: 2/2
   492 | D:1      | Reached XP level 3. HP: 29/40 MP: 3/3
  1090 | D:2      | Noticed Jessica
  1095 | D:2      | Killed Jessica
  1095 | D:2      | Reached XP level 4. HP: 42/49 MP: 4/4
  1259 | D:2      | Found a faded altar of an unknown god.
  1279 | D:2      | Became a worshipper of Cheibriados the Contemplative
  1279 | D:2      | Reached * piety under Cheibriados
  1340 | D:2      | Found a runed translucent door.
  1341 | D:2      | Noticed Crazy Yiuf
  1350 | D:2      | Slain by Crazy Yiuf

Skill      XL: |  1  2  3 |
---------------+----------+-----
Shields        | 3 |  3.5
Dodging        | 3 |  3.1
Fighting       | |  4.6
Axes           | |  2.6

Action                   |  1- 3 |  4- 6 || total
-------------------------+-------+-------++-------
Melee: War axe           |   108 |    30 ||   138
  Use: Scroll            |     4 |     1 ||     5
 Stab: Sleeping          |     1 |       ||     1
  Eat: Chunk             |     1 |     1 ||     2
Armor: Robe              |    30 |    27 ||    57
Dodge: Dodged            |    37 |    20 ||    57
Block: Shield            |    57 |     9 ||    66
